AoeStats
← bnb92110

Arena

505466173Analyzed
3v3 RM · 22d ago on Sep 9, 2026· 62m 35s· 6 players
Game mode
Random Map
Map size
Normal (6 player)
Population
200
Speed
Normal
Resources
Standard
Victory
Conquest
Starting age
Dark Age
Ending age
Imperial Age
RankedLock teamsTeams togetherTeam positionsShared explorationLock speedFull tech treeHidden civsTurbo modeCheats
Victory
Defeat
🇮🇹 Khmer · Italy
875
+13
🇹🇭 Teutons · Thailand
863
+14
🇹🇭 Italians · Thailand
854
+14
🇹🇼 Teutons · Taiwan
819
-14
🇹🇼 Tupi · Taiwan
819
-20
🇹🇼 Poles · Taiwan
805
-24
Cody
10:04 Feudal Age
17:11 Castle Age
15:00 Loom
17:15 Castle Age
20:47 Wheelbarrow
20:06 Double-Bit Axe
23:00 Stone Mining
27:05 Fletching
27:07 Town Watch
27:34 Horse Collar
35:53 Bow Saw
35:44 Heavy Plow
36:12 Bodkin Arrow
40:29 Imperial Age
38:17 Hand Cart
42:11 Onager
42:47 Gold Mining
43:53 Conscription
43:42 Siege Engineers
43:50 Fortified Wall
43:51 Masonry
44:15 Crop Rotation
44:47 Two-Man Saw
44:44 Pikeman
45:09 Gambesons
45:25 Squires
45:10 Arson
45:37 Forging
45:28 Scale Mail Armor
46:05 Halberdier
50:52 Iron Casting
50:32 Chain Mail Armor
50:56 Ballistics
52:37 Elite Teutonic Knight
56:07 Blast Furnace
55:37 Plate Mail Armor
56:39 Stone Shaft Mining
Marku shkin
10:51 Feudal Age
11:43 Horse Collar
11:51 Double-Bit Axe
18:11 Castle Age
18:19 Wheelbarrow
17:30 Loom
17:31 Town Watch
28:10 Padded Archer Armor
29:21 Gold Mining
34:37 Imperial Age
32:47 Bow Saw
33:09 Ballistics
35:29 Double Crossbow
35:24 Heavy Scorpion
37:33 Gold Shaft Mining
37:29 Siege Engineers
39:46 Chemistry
47:40 Scale Barding Armor
47:51 Leather Archer Armor
47:27 Fletching
58:19 Capped Ram
58:35 Capped Ram
59:42 Siege Ram
Zozimbo
2:06 Loom
12:01 Feudal Age
18:08 Castle Age
16:34 Gold Mining
16:25 Horse Collar
29:09 Padded Archer Armor
29:50 Husbandry
38:35 Imperial Age
37:22 Scale Mail Armor
37:27 Scale Barding Armor
37:22 Scale Mail Armor
37:32 Forging
37:13 Fletching
37:38 Leather Archer Armor
37:33 Siphons
37:49 Ballistics
40:28 Chain Barding Armor
40:44 Iron Casting
40:24 Chain Mail Armor
40:55 Heavy Plow
40:48 Stone Mining
40:48 Double-Bit Axe
42:52 Pirotechnia
43:12 Town Watch
44:03 Wheelbarrow
44:01 Elite Genoese Crossbowman
47:34 Plate Barding Armor
47:30 Plate Mail Armor
48:00 Blast Furnace
46:55 Bodkin Arrow
47:31 Ring Archer Armor
48:07 Chemistry
46:53 Arrowslits
47:27 Squires
47:03 Light Cavalry
48:44 Silk Road
48:44 Conscription
48:59 Hoardings
49:01 Town Patrol
49:16 Hand Cart
49:47 Stone Shaft Mining
49:33 Bow Saw
50:59 Hoardings
52:15 Pikeman
52:43 Arson
54:09 Bracer
54:46 Crop Rotation
bnb92110
10:42 Feudal Age
16:29 Castle Age
15:44 Double-Bit Axe
15:54 Gold Mining
15:55 Stone Mining
20:07 Horse Collar
21:13 Bow Saw
25:46 Heavy Plow
30:57 Imperial Age
30:44 Arson
31:00 Squires
31:16 Forging
31:07 Scale Mail Armor
31:13 Scale Barding Armor
32:20 Bloodlines
32:12 Husbandry
33:01 Elite Obuch
35:37 Crop Rotation
37:48 Iron Casting
37:29 Chain Mail Armor
37:35 Chain Barding Armor
37:21 Light Cavalry
37:22 Cavalier
38:19 Szlachta Privileges
39:45 Lechitic Legacy
39:11 Winged Hussar
41:08 Blast Furnace
40:51 Plate Mail Armor
你家失火
10:58 Feudal Age
16:09 Castle Age
14:48 Loom
17:12 Double-Bit Axe
20:25 Fletching
23:35 Horse Collar
23:50 Gold Mining
28:19 Wheelbarrow
29:47 Horse Collar
31:36 Bow Saw
35:57 Heavy Plow
36:32 Gold Shaft Mining
36:14 Padded Archer Armor
40:50 Imperial Age
39:19 Stone Mining
42:51 Champi Runner
44:09 Arrowslits
44:08 Treadmill Crane
47:33 Caciques
47:20 Champi Warrior
48:30 Elite Champi Warrior
52:41 Forging
52:35 Scale Mail Armor
57:13 Chain Mail Armor
61:01 Plate Mail Armor
62:44 Iron Casting
臭老豬223
6:12 Loom
11:04 Feudal Age
11:41 Town Watch
11:44 Double-Bit Axe
13:03 Fletching
13:14 Scale Mail Armor
15:07 Forging
17:50 Arson
18:52 Man-at-Arms
22:13 Horse Collar
23:29 Padded Archer Armor
26:31 Castle Age
28:00 Iron Casting
27:41 Chain Mail Armor
27:29 Heavy Plow
27:21 Pikeman
27:22 Long Swordsman
28:03 Squires
29:40 Town Patrol
29:55 Bow Saw
32:06 Gold Mining
32:07 Stone Mining
32:22 Gambesons
34:23 Wheelbarrow
37:27 Hand Cart
37:57 Stone Shaft Mining
37:21 Bodkin Arrow
41:03 Imperial Age
40:48 Scale Barding Armor
41:07 Ballistics
40:58 Masonry
40:59 Fortified Wall
43:16 Two-Man Saw
44:04 Crop Rotation
44:46 Blast Furnace
44:16 Plate Mail Armor
45:14 Chain Barding Armor
44:42 Halberdier
44:42 Two-Handed Swordsman
46:49 Bloodlines
48:35 Caravan
48:08 Cavalier
49:51 Plate Barding Armor
50:32 Paladin
Connection lost

Rejoining the realm…

Still unreachable

The connection could not be restored.

Session expired

The server has moved on; the page needs a fresh start.